Map: Persephone LE

Players

ChromaticFox - Winner!

  • Race: Terran Terran
  • League: Diamond
  • Spawn Location: 11:00

kitune

  • Race: Zerg Zerg
  • Spawn Location: 7:00

VOD

Have the link to the VOD?

Description

Time

  • Played on: May 25, 2025, 7:40 a.m.
  • Length: 5:44
Show
View Real Time Build Order
Export as new Build Order

ChromaticFox Terran - Winner!

Build Orders: Reaper Expand 

Get SALT Encoding   

  12  0:00  SCV  
  13  0:12  SCV  
  14  0:17  Supply Depot  
  14  0:25  SCV  
  15  0:39  Barracks, SCV  
  16  0:44  Refinery  
  16  0:51  SCV  
  17  1:03  SCV  
  18  1:15  SCV  
  19  1:28  Reaper  
  19  1:29  Orbital Command  
  20  1:40  Command Center  
  20  1:54  Barracks  
  20  1:55  SCV  
  21  2:10  Supply Depot  
  21  2:12  SCV  
  21  2:15  Barracks Reactor  
  22  2:20  Refinery  
  22  2:42  Factory  
  22  2:45  Barracks Tech Lab  
  22  2:49  SCV  
  22  2:52  Orbital Command  
  22  2:53  Marine x2  
  24  3:01  SCV  
  25  3:08  Marine  
  25  3:10  Stimpack  
  25  3:12  Marine x2  
  27  3:18  SCV x2  
  30  3:25  Marine  
  30  3:26  Factory Reactor, Starport  
  31  3:30  SCV  
  31  3:31  Marine x2  
  31  3:34  SCV  
  35  3:42  SCV  
  35  3:46  Marine, SCV  
  35  3:48  Supply Depot  
  38  3:54  SCV  
  38  3:55  Marine x2  
  41  3:58  SCV  
  42  4:06  Supply Depot, SCV  
  43  4:10  SCV  
  43  4:12  Supply Depot  
  43  4:13  Marine x3  
  47  4:18  SCV  
  47  4:21  Medivac x2  
  52  4:31  Marine x2  
  52  4:32  Supply Depot  
  52  4:33  SCV x2  
  56  4:42  Supply Depot  
  56  4:45  SCV x2  
  58  4:47  Marine  
  58  4:49  Marine x2  
  61  4:55  Engineering Bay  
  61  4:56  Engineering Bay  
  61  5:04  Marine  
  61  5:05  Factory Tech Lab  
  62  5:08  SCV x2  
  62  5:10  Barracks  
  62  5:11  Marine x2  
  66  5:20  SCV x2  
  68  5:31  Refinery  
  68  5:32  SCV x2  
  68  5:35  Refinery  
  70  5:43  Command Center  
Show
View Real Time Build Order
Export as new Build Order

kitune Zerg 

Build Orders: Pool First 

Get SALT Encoding   

  12  0:01  Drone  
  13  0:12  Overlord  
  13  0:20  Drone  
  14  0:32  Drone x2  
  16  0:41  Spawning Pool  
  15  0:45  Drone  
  15  0:49  Drone  
  17  1:10  Hatchery  
  16  1:12  Drone  
  16  1:15  Extractor  
  16  1:30  Zergling x6  
  19  1:36  Queen  
  21  1:46  Drone  
  22  1:55  Overlord  
  22  2:13  Queen  
  24  2:19  Metabolic Boost  
  24  2:21  Drone x2  
  25  2:33  Drone  
  25  2:34  Drone x2  
  27  2:39  Drone  
  28  2:50  Drone  
  28  2:51  Drone x2  
  31  2:55  Lair  
  31  3:00  Extractor  
  30  3:09  Queen  
  30  3:11  Overlord  
  30  3:12  Drone  
  33  3:25  Drone x2  
  35  3:28  Overlord  
  35  3:33  Drone x2  
  37  3:36  Drone  
  37  3:37  Drone x3  
  41  3:44  Drone  
  41  3:45  Drone  
  43  3:56  Spire  
  43  3:57  Overseer  
  42  4:14  Drone  
  42  4:15  Drone x8  
  51  4:17  Overlord  
  51  4:23  Baneling Nest  
  50  4:25  Drone  
  51  4:35  Extractor x2  
  49  4:42  Drone  
  49  4:45  Zergling x2  
  51  4:46  Zergling x10  
  56  5:08  Mutalisk  
  58  5:15  Overlord  
  58  5:16  Overlord x2  
  54  5:31  Hatchery  
Tags
 
Add a new tag
Caveats
  • Supply blocks, unpowered buildings, or Contaminate may cause inaccurate times.
  • Supply counts are checked every 10 seconds.